[Event "Team 45 45 League T45"]
[Site "Internet Chess Club"]
[Date "2010.06.07"]
[Round "5"]
[White "Theodulf"]
[Black "Andressa"]
[Result "1/2-1/2"]
[WhiteElo "1605"]
[BlackElo "1552"]
[Opening "Ruy Lopez: old Steinitz defense"]
[ECO "C62"]
[Time "21:02:48"]
[TimeControl "2700+45"]

1. e4 e5 2. Nf3 Nc6 3. Bb5 d6 4. d4 a6 5. Bxc6+ bxc6 6. dxe5 Bg4 7. O-O Bxf3 8.
Qxf3 dxe5 9. Nc3 Nf6 10. Bg5 Be7 11. Rfd1 Qb8 12. Rab1 O-O 13. Qe2 Rd8 14. Qc4
Rxd1+ 15. Nxd1 Qb5 16. Ne3 h6 17. Bxf6 Bxf6 18. a4 Qb6 19. b3 a5 20. Rd1 Rd8 21.
Rxd8+ Bxd8 22. Qe2 Qd4 23. Qd3 Qa1+ 24. Nf1 Be7 25. g3 c5 26. Kg2 Qd4 27. Nd2
Qb4 28. Nc4 Bf6 29. Kf1 Kf8 30. Ke2 Ke7 31. h4 h5 32. Kd1 g6 33. Qd2 Ke6 34.
Nxa5 Qxe4 35. Nc4 Qf5 36. Ne3 Qf3+ 37. Qe2 Qh1+ 38. Qf1 Qf3+ 39. Kd2 c6 40. Qe2
Qe4 41. Qc4+ Qxc4 42. Nxc4 Bd8 43. Kd3 Kd5 44. Ne3+ Ke6 45. Kc4 Kd6 46. Nd1 Ba5
47. Nc3 f5 48. f3 Bd8 49. Ne2 Bb6 50. Kd3 Ba5 51. c3 Kd5 52. c4+ Kd6 53. Ke3 Be1
54. Kd3 Bb4 55. Nc3 Kc7 56. Ne2 Kd6 {Game drawn by mutual agreement} 1/2-1/2

[Event "Team 45 45 League T45"]
[Site "Internet Chess Club"]
[Date "2010.06.05"]
[Round "5"]
[White "acejackace"]
[Black "allanchs"]
[Result "1-0"]
[WhiteElo "1444"]
[BlackElo "1495"]
[Opening "Benko's opening"]
[ECO "A00"]
[Time "07:30:06"]
[TimeControl "2700+45"]

1. g3 e5 2. Bg2 Nf6 3. d3 Bc5 4. h3 d6 5. Nd2 Nc6 6. c3 Be6 7. Qc2 Qd7 8. Ngf3
O-O 9. Ng5 Bd5 10. e4 Be6 11. Nxe6 Qxe6 12. Nf3 Rad8 13. O-O Rfe8 14. b4 Bb6 15.
a3 a6 16. c4 Nd4 17. Nxd4 Bxd4 18. Rb1 h6 19. Qe2 Rf8 20. Kh2 Nd7 21. f4 f5 22.
exf5 Rxf5 23. Bd5 {Black resigns} 1-0

[Event "Team 45 45 League T45"]
[Site "Internet Chess Club"]
[Date "2010.06.06"]
[Round "5"]
[White "jacknor"]
[Black "David2500"]
[Result "0-1"]
[WhiteElo "1497"]
[BlackElo "1563"]
[Opening "Petrov: classical attack"]
[ECO "C42"]
[Time "12:01:09"]
[TimeControl "2700+45"]

1. e4 e5 2. Nf3 Nf6 3. Nxe5 d6 4. Nf3 Nxe4 5. d4 d5 6. h3 Bf5 7. Bf4 Bd6 8. Bxd6
Qxd6 9. Be2 O-O 10. O-O Nc6 11. Nbd2 Rfe8 12. Re1 Re6 13. Nf1 Rh6 14. Ne5 Nxe5
15. dxe5 Qxe5 16. Bg4 Bxg4 17. Qxg4 Qe6 18. Qe2 Re8 19. f3 Qb6+ 20. Kh2 Qd6+ 21.
g3 Qd7 22. fxe4 Qxh3+ 23. Kg1 Qh1+ 24. Kf2 Rf6+ 25. Ke3 Rxe4+ 26. Kd3 Rxe2 27.
Rxe2 Re6 28. Rae1 Rxe2 29. Kxe2 h5 {White resigns} 0-1

[Event "Team 45 45 League T45"]
[Site "Internet Chess Club"]
[Date "2010.06.07"]
[Round "5"]
[White "isolani"]
[Black "GoIrish"]
[Result "1-0"]
[WhiteElo "1507"]
[BlackElo "1534"]
[Opening "King's Indian: London system"]
[ECO "A48"]
[Time "21:03:23"]
[TimeControl "2700+45"]

1. d4 Nf6 2. Nf3 g6 3. Bf4 Bg7 4. e3 O-O 5. h3 d6 6. c3 Nbd7 7. Bc4 b6 8. Nbd2
Bb7 9. O-O c5 10. Re1 Ne4 11. Nxe4 Bxe4 12. Ng5 Bb7 13. e4 Rc8 14. Rc1 Nf6 15.
Qe2 h6 16. Ne6 fxe6 17. Bxe6+ Kh7 18. Bxc8 Qxc8 19. e5 Nd5 20. Bg3 Qc6 21. f3
Nf4 22. Bxf4 Rxf4 23. exd6 exd6 24. Qe3 Rf5 25. Qe4 Qd7 26. Qe7 Qc6 27. Re4 cxd4
28. Rxd4 d5 29. Re1 h5 30. Re6 Qc8 31. g4 Rxf3 32. gxh5 Rxh3 33. Qf7 Rg3+ 34.
Kh2 Rg5 35. hxg6+ Kh6 36. Rh4+ Rh5 37. Qf4# {Black checkmated} 1-0

[Event "Team 45 45 League T45"]
[Site "Internet Chess Club"]
[Date "2010.06.05"]
[Round "5"]
[White "Kingangyal"]
[Black "RayF"]
[Result "0-1"]
[WhiteElo "1479"]
[BlackElo "1702"]
[Opening "Queen's pawn: London system"]
[ECO "A45"]
[Time "09:03:53"]
[TimeControl "2700+45"]

1. d4 Nf6 2. Bf4 g6 3. e3 Bg7 4. Nf3 d6 5. h3 O-O 6. Be2 c5 7. c3 cxd4 8. exd4
Nc6 9. O-O Qb6 10. Qb3 Qa5 11. Nbd2 Qf5 12. Bh2 b6 13. Rfe1 Na5 14. Qd1 Bb7 15.
b4 Nc6 16. b5 Na5 17. Rc1 Rac8 18. Qa4 Nd5 19. c4 Nf4 20. Qd1 e5 21. dxe5 dxe5
22. Bf1 Rfe8 23. Qc2 e4 24. Bxf4 Qxf4 25. Nh2 e3 26. Rxe3 Rxe3 27. fxe3 Qxe3+
28. Kh1 Qxh3 29. Qd3 Bxg2+ 30. Kg1 Bxf1 31. Qxh3 Bxh3 32. Kf2 Bh6 33. Nhf3 Bxd2
34. Nxd2 Be6 35. a4 Nxc4 36. Nxc4 Rxc4 37. Ra1 h5 38. a5 Rb4 39. axb6 axb6 40.
Ra8+ Kg7 41. Rd8 Rxb5 {White resigns} 0-1

[Event "Team 45 45 League T45"]
[Site "Internet Chess Club"]
[Date "2010.06.05"]
[Round "5"]
[White "Xerses"]
[Black "Esslinger"]
[Result "1/2-1/2"]
[WhiteElo "1359"]
[BlackElo "1418"]
[Opening "Scandinavian (center counter) defense"]
[ECO "B01"]
[Time "18:01:40"]
[TimeControl "2700+45"]

1. e4 d5 2. exd5 Qxd5 3. Nc3 Qa5 4. Bc4 Nf6 5. d4 c6 6. Bd2 Qd8 7. Nf3 Nbd7 8.
O-O Nb6 9. Bb3 e6 10. Qe2 Be7 11. Ne4 O-O 12. Nxf6+ Bxf6 13. c3 Qc7 14. Bc2 Nd5
15. Qe4 g6 16. h4 Bg7 17. h5 Nf6 18. Qh4 Nxh5 19. g4 Nf6 20. Kg2 e5 21. dxe5
Nxg4 22. Rh1 h5 23. Rae1 Bxe5 24. Nxe5 Nxe5 25. Qf6 Ng4 26. Qg5 Qd6 27. c4 Qf6
28. Qxf6 Nxf6 29. Kg3 Be6 30. b3 Nh7 31. Bc3 Rad8 32. Bb4 Rfe8 33. f4 Rd7 34.
Be4 Nf6 35. Bf3 Rd3 36. Kf2 Red8 37. Be7 Kg7 38. Bxd8 Rxd8 39. Rd1 Re8 40. Rhe1
Kh6 41. Re5 Kg7 42. c5 h4 43. Rh1 Rh8 44. Ke3 h3 {Game drawn by mutual
agreement} 1/2-1/2

[Event "Team 45 45 League T45"]
[Site "Internet Chess Club"]
[Date "2010.06.07"]
[Round "5"]
[White "tourettes"]
[Black "Dolphin"]
[Result "1-0"]
[WhiteElo "1523"]
[BlackElo "1655"]
[Opening "Ruy Lopez: exchange variation"]
[ECO "C68"]
[Time "16:32:50"]
[TimeControl "2700+45"]

1. e4 e5 2. Nf3 Nc6 3. Bb5 a6 4. Bxc6 dxc6 5. h3 f6 6. O-O Bc5 7. d3 Ne7 8. Qe2
O-O 9. Be3 Bb6 10. Nbd2 Be6 11. Nb3 Ng6 12. Qd2 Qe7 13. Qc3 Rad8 14. Nc5 Rb8 15.
Nxe6 Qxe6 16. Bxb6 cxb6 17. Rfe1 Rbd8 18. b3 Rd7 19. Rad1 Rfd8 20. Nh2 Qf7 21.
Nf1 Nf4 22. Ne3 g6 23. Kh2 Kg7 24. Ng4 Ne6 25. Qd2 Nd4 26. Qh6+ Kh8 27. Rd2 c5
28. f4 exf4 29. Qxf4 Kg7 30. Rf2 Rf8 31. Ref1 Qe6 32. Qh6+ Kg8 33. Nxf6+ Rxf6
34. Rxf6 Qe5+ 35. Kh1 {Black resigns} 1-0

[Event "Team 45 45 League T45"]
[Site "Internet Chess Club"]
[Date "2010.06.07"]
[Round "5"]
[White "clarinetref"]
[Black "MarkNY"]
[Result "0-1"]
[WhiteElo "1666"]
[BlackElo "1789"]
[Opening "Réti: King's Indian attack"]
[ECO "A05"]
[Time "21:34:38"]
[TimeControl "2700+45"]

1. Nf3 Nf6 2. g3 g6 3. Bg2 Bg7 4. O-O O-O 5. d3 d5 6. Nbd2 c5 7. e3 Nc6 8. c4
dxc4 9. Nxc4 Bg4 10. h3 Bxf3 11. Bxf3 Qd7 12. Kh2 Rfd8 13. Bxc6 Qxc6 14. Qb3 Qd5
15. Rd1 Qf3 16. Rd2 b6 17. Ne5 Qd5 18. Qxd5 Rxd5 19. Nc6 Kf8 20. d4 Ne4 21. Re2
Rd6 22. Ne5 cxd4 23. exd4 Rxd4 24. Nc6 Rc4 25. Nxe7 Kxe7 26. f3 f5 27. Bg5+ Bf6
28. Bxf6+ Kxf6 29. fxe4 Rxe4 30. Rxe4 fxe4 31. g4 Re8 32. Kg3 Ke5 33. Re1 Kd4
34. h4 e3 35. Kf3 Rf8+ 36. Kg3 Kd3 37. h5 gxh5 38. gxh5 Kd2 39. Rh1 e2 40. Rh2
Kd1 41. Rh1+ e1=Q+ 42. Rxe1+ Kxe1 {White resigns} 0-1

[Event "Team 45 45 League T45"]
[Site "Internet Chess Club"]
[Date "2010.06.04"]
[Round "5"]
[White "vollmerj"]
[Black "tryanything"]
[Result "1-0"]
[WhiteElo "1714"]
[BlackElo "1554"]
[Opening "Scandinavian gambit"]
[ECO "B01"]
[Time "17:45:25"]
[TimeControl "2700+45"]

1. e4 d5 2. exd5 Nf6 3. c4 c6 4. dxc6 Nxc6 5. Nc3 e5 6. d3 Bc5 7. Be2 O-O 8. Nf3
Bf5 9. Be3 Bxe3 10. fxe3 Re8 11. O-O e4 12. dxe4 Nxe4 13. Nxe4 Bxe4 14. Nd4 Qg5
15. Nf3 Qxe3+ 16. Rf2 Rad8 17. Qf1 Nd4 18. Nxd4 Rxd4 19. Kh1 Rd2 20. Rd1 Rxb2
21. Rd7 f5 22. c5 Kh8 23. h3 h5 24. Kg1 h4 25. Bh5 Rxf2 26. Qxf2 Qxf2+ 27. Kxf2
Re6 28. Bf3 Bxf3 29. Kxf3 Rc6 30. Rxb7 Rxc5 31. Rxa7 Kh7 32. a4 Kh6 33. a5 g6
34. a6 Ra5 35. Ra8 Kg5 36. a7 Ra3+ 37. Kf2 Kf4 38. Rg8 g5 39. a8=Q {Black
resigns} 1-0

[Event "Team 45 45 League T45"]
[Site "Internet Chess Club"]
[Date "2010.06.02"]
[Round "5"]
[White "tightfist"]
[Black "jrichman38"]
[Result "0-1"]
[WhiteElo "1531"]
[BlackElo "1615"]
[Opening "Polish (Sokolsky) opening"]
[ECO "A00"]
[Time "19:02:25"]
[TimeControl "2700+45"]

1. b4 e5 2. Bb2 f6 3. b5 d5 4. e3 Ne7 5. c4 Be6 6. d3 dxc4 7. dxc4 Qxd1+ 8. Kxd1
Nd7 9. Nf3 O-O-O 10. Nbd2 Nc5 11. a4 Nb3 12. Ra3 Na5 13. Rd3 Rxd3 14. Bxd3 b6
15. e4 Ng6 16. g3 Bc5 17. Ke2 Rd8 18. Bc3 Nb7 19. Nb3 Bxf2 20. a5 Nc5 21. Nxc5
Bxc5 22. a6 Bg4 23. Rf1 Nf8 24. Kd2 Ne6 25. Kc2 Bxf3 26. Rxf3 Bd4 27. Bd2 Bg1
28. Be3 Bxe3 29. Rxe3 Nc5 30. h3 Rxd3 31. Rxd3 Nxd3 32. Kxd3 Kd7 33. h4 h5 34.
Kc3 Kd6 35. Kb4 g6 36. c5+ bxc5+ 37. Kc4 f5 38. Kd3 f4 39. gxf4 exf4 40. Ke2 Ke5
41. Kd3 f3 42. Ke3 f2 43. Kxf2 Kxe4 44. Ke2 c4 45. Kd2 Kd4 46. Kc2 c3 47. Kc1
Kc4 48. Kc2 Kb4 49. Kc1 Kxb5 50. Kc2 Kb4 51. Kc1 Kb3 52. Kb1 c2+ 53. Kc1 c5 54.
Kd2 Kb2 55. Kd3 c1=Q 56. Ke4 Qc4+ 57. Ke5 Qxh4 58. Kd5 Qa4 59. Kxc5 Qxa6 {White
resigns} 0-1

[Event "Team 45 45 League T45"]
[Site "Internet Chess Club"]
[Date "2010.06.06"]
[Round "5"]
[White "GreatPelle"]
[Black "Andruw"]
[Result "0-1"]
[WhiteElo "1993"]
[BlackElo "1874"]
[Opening "Blackmar-Diemer gambit"]
[ECO "D00"]
[Time "12:45:04"]
[TimeControl "2700+45"]

1. d4 Nf6 2. Nc3 d5 3. e4 dxe4 4. f3 exf3 5. Nxf3 Bg4 6. h3 Bh5 7. g4 Bg6 8. Ne5
e6 9. Qf3 c6 10. g5 Nfd7 11. Nxg6 hxg6 12. Bd3 Nb6 13. Rf1 Qd7 14. Be3 Bb4 15.
h4 Qe7 16. Bd2 Nd5 17. Ne4 Bxd2+ 18. Nxd2 Nd7 19. O-O-O Rf8 20. a3 O-O-O 21. c4
Nc7 22. c5 f6 23. Qg3 fxg5 24. hxg5 Nd5 25. Rxf8 Qxf8 26. Rf1 Qe7 27. Nc4 Nxc5
28. dxc5 Qxc5 29. Kb1 b5 30. Ne5 Nc3+ 31. Ka1 Qd5 32. Bc4 Qd1+ 33. Rxd1 Rxd1#
{White checkmated} 0-1

[Event "Team 45 45 League T45"]
[Site "Internet Chess Club"]
[Date "2010.06.06"]
[Round "5"]
[White "Socraticchess"]
[Black "LucaTrapani"]
[Result "0-1"]
[WhiteElo "1983"]
[BlackElo "2097"]
[Opening "French defense"]
[ECO "C01"]
[Time "19:00:17"]
[TimeControl "2700+45"]

1. e4 e6 2. d4 d5 3. f3 dxe4 4. Nc3 Bb4 5. Bf4 Nf6 6. Bc4 c6 7. fxe4 Nxe4 8. Qd3
Nxc3 9. bxc3 Be7 10. Nf3 Nd7 11. O-O Nf6 12. Ne5 O-O 13. Rae1 Nd5 14. Qh3 c5 15.
Bd3 f5 16. Bd2 cxd4 17. cxd4 Nb4 18. c3 Nxd3 19. Qxd3 a5 20. Rb1 Bf6 21. Bf4 b5
22. Rfe1 Ba6 23. Qe3 Qd5 24. Nf3 Rfe8 25. Bg5 Ra7 26. Bxf6 gxf6 27. Qh6 Rg7 28.
Re3 Rg6 29. Qh5 Bb7 30. c4 Qxc4 31. Nh4 Qxa2 32. Re2 Qxb1+ 33. Kf2 f4 34. Nxg6
Qxg6 35. Qxb5 Qxg2+ 36. Ke1 Qg1+ 37. Kd2 Qxd4+ 38. Ke1 Qg1+ 39. Kd2 Rd8+ 40. Kc2
Qd1+ 41. Kb2 Rd2+ {White resigns} 0-1

[Event "Team 45 45 League T45"]
[Site "Internet Chess Club"]
[Date "2010.06.06"]
[Round "5"]
[White "qs16"]
[Black "WoadRaider"]
[Result "1-0"]
[WhiteElo "1731"]
[BlackElo "1787"]
[Opening "Dutch"]
[ECO "A80"]
[Time "11:10:08"]
[TimeControl "2700+45"]

1. d4 f5 2. Nf3 Nf6 3. Bf4 g6 4. e3 Bg7 5. Bd3 O-O 6. Nbd2 d6 7. O-O Qe8 8. e4
fxe4 9. Nxe4 Nxe4 10. Qc1 Nf6 11. Re1 Nc6 12. c3 Kh8 13. Qd2 Bg4 14. Ng5 h6 15.
Ne6 Bxe6 16. Rxe6 g5 17. Bg3 Qf7 18. Rae1 Nd8 19. Rxe7 Qg8 20. Rxc7 Qxa2 21. h4
gxh4 22. Bxh4 Qd5 23. Bxf6 Rxf6 24. Re8+ Rf8 25. Ree7 Qg8 26. Bc4 Qh7 27. Bd3
Qg8 28. Bc4 Qh7 29. Bd3 Qg8 30. Rxg7 Qxg7 31. Rxg7 Kxg7 32. Qe2 Nf7 33. Qg4+ Kh8
34. Qg6 {Black resigns} 1-0

[Event "Team 45 45 League T45"]
[Site "Internet Chess Club"]
[Date "2010.06.02"]
[Round "5"]
[White "BadHabitMarco"]
[Black "mcplayerus"]
[Result "1-0"]
[WhiteElo "1875"]
[BlackElo "2036"]
[Opening "Sicilian defense"]
[ECO "B33"]
[Time "14:30:24"]
[TimeControl "2700+45"]

1. e4 c5 2. Nf3 Nc6 3. d4 cxd4 4. Nxd4 Nf6 5. Nc3 g6 6. Bc4 Bg7 7. Nxc6 bxc6 8.
e5 Ng8 9. Qf3 f5 10. Bf4 e6 11. O-O-O Qe7 12. Nb5 Kf8 13. Nd6 Nh6 14. h4 Nf7 15.
h5 Nxd6 16. Rxd6 g5 17. h6 gxf4 18. hxg7+ Qxg7 19. Qxf4 Qxg2 20. Rdd1 Qg4 21.
Qe3 Qxc4 22. Qh6+ Ke8 23. Qg7 Kd8 24. Qxh8+ Kc7 25. Kb1 Rb8 26. Qxh7 Qc3 27. b3
a5 28. Qe7 Qxe5 29. Rhe1 Qf4 30. Rxe6 Qxf2 31. Red6 Qf4 32. R6d4 Qh2 33. Qc5 Rb5
34. Qa7+ Rb7 35. Qxa5+ Kb8 36. Ra4 Qe2 37. Re1 Qb5 38. Qa8+ Kc7 39. Re8 Rb8 40.
Qa7+ Rb7 41. Qd4 d6 42. Qg7+ Bd7 43. Qe7 Kb6 44. Qd8+ Rc7 45. Re7 c5 46. Ra7
{Black resigns} 1-0

[Event "Team 45 45 League T45"]
[Site "Internet Chess Club"]
[Date "2010.06.06"]
[Round "5"]
[White "AronT"]
[Black "koni"]
[Result "1-0"]
[WhiteElo "2055"]
[BlackElo "1886"]
[Opening "Old Indian defense"]
[ECO "A42"]
[Time "07:30:14"]
[TimeControl "2700+45"]

1. d4 d6 2. c4 e5 3. Nf3 e4 4. Nfd2 f5 5. Nc3 c6 6. e3 Nf6 7. Be2 g6 8. O-O Bh6
9. b4 O-O 10. Nb3 Na6 11. b5 Nc7 12. Qc2 d5 13. bxc6 bxc6 14. Ba3 Rf7 15. Na5
Qe8 16. Bd6 Qe6 17. c5 Qe8 18. Qa4 a6 19. Qxc6 Bd7 20. Qxc7 Bb5 21. Qb6 Nd7 22.
Bxb5 axb5 23. Qxb5 {Black resigns} 1-0

[Event "Team 45 45 League T45"]
[Site "Internet Chess Club"]
[Date "2010.06.06"]
[Round "5"]
[White "poni"]
[Black "smitty120"]
[Result "0-1"]
[WhiteElo "1966"]
[BlackElo "1929"]
[Opening "Réti opening"]
[ECO "A05"]
[Time "11:01:03"]
[TimeControl "2700+45"]

1. Nf3 Nf6 2. g3 b6 3. Bg2 Bb7 4. O-O e6 5. d3 d5 6. c4 dxc4 7. Qa4+ Nbd7 8. Ne5
Bxg2 9. Kxg2 cxd3 10. exd3 Bd6 11. Nc6 Qc8 12. Bg5 Qb7 13. f3 O-O 14. d4 Nd5 15.
Nc3 Nxc3 16. bxc3 b5 17. Na5 Qa6 {White resigns} 0-1

[Event "Team 45 45 League T45"]
[Site "Internet Chess Club"]
[Date "2010.06.07"]
[Round "5"]
[White "viking99"]
[Black "giltar"]
[Result "0-1"]
[WhiteElo "1836"]
[BlackElo "1893"]
[Opening "Caro-Kann: advance variation"]
[ECO "B12"]
[Time "14:30:21"]
[TimeControl "2700+45"]

1. e4 c6 2. d4 d5 3. e5 c5 4. c3 Nc6 5. Nf3 Bg4 6. Be2 e6 7. O-O Qb6 8. Qa4 Bxf3
9. Bxf3 cxd4 10. cxd4 Qxd4 11. Qxd4 Nxd4 12. Bd1 Nh6 13. Be3 Nhf5 14. Bd2 Be7
15. Nc3 O-O 16. Ne2 Nc6 17. g4 Nh4 18. f4 Rac8 19. Be3 Rfd8 20. a3 Ng6 21. Ba4
b6 22. b4 Rc7 23. Rac1 Rdc8 24. Bxc6 Rxc6 25. Rxc6 Rxc6 26. Rc1 Rxc1+ 27. Nxc1
f6 28. Nd3 Kf7 29. Kg2 Bd8 30. Bd4 Bc7 31. Kg3 fxe5 32. Nxe5+ Bxe5 33. fxe5 Ne7
34. Kf4 Nc6 35. Bc3 Kg6 36. h4 h5 37. gxh5+ Kxh5 38. Be1 Nd4 39. Bc3 Ne2+ {White
resigns} 0-1

[Event "Team 45 45 League T45"]
[Site "Internet Chess Club"]
[Date "2010.06.05"]
[Round "5"]
[White "smsxman"]
[Black "Rookmaster"]
[Result "0-1"]
[WhiteElo "1474"]
[BlackElo "1752"]
[Opening "Scandinavian defense"]
[ECO "B01"]
[Time "12:58:10"]
[TimeControl "2700+45"]

1. e4 d5 2. exd5 Nf6 3. Nc3 Nxd5 4. Bc4 c6 5. Qf3 e6 6. Nge2 Bb4 7. Nxd5 exd5 8.
Bb3 O-O 9. O-O Nd7 10. c3 Ne5 11. Qg3 Bd6 12. d4 Ng6 13. Bf4 Nxf4 14. Nxf4 Qf6
15. Nh5 Qh6 16. Qf3 Qg5 17. Bc2 Bg4 18. Qd3 Qxh5 19. h3 Be2 20. Qxh7+ Qxh7 21.
Bxh7+ Kxh7 22. Rfe1 Rfe8 23. f3 Bg3 24. Reb1 Bd3 25. Rd1 Re3 26. Rac1 Rae8
{White resigns} 0-1

[Event "Team 45 45 League T45"]
[Site "Internet Chess Club"]
[Date "2010.06.08"]
[Round "5"]
[White "Kingofknights"]
[Black "dscvdchk"]
[Result "1-0"]
[WhiteElo "1647"]
[BlackElo "1462"]
[Opening "Grünfeld: 5.e3"]
[ECO "D94"]
[Time "20:00:41"]
[TimeControl "2700+45"]

1. d4 Nf6 2. c4 g6 3. Nc3 d5 4. e3 Bg7 5. Nf3 c6 6. b4 O-O 7. Bb2 Bg4 8. h3 Bf5
9. c5 Ne4 10. Be2 Nd7 11. O-O e5 12. b5 Nxc3 13. Bxc3 e4 14. Nd2 Qg5 15. Kh1 Nf6
16. bxc6 bxc6 17. Qa4 Bd7 18. Rab1 Qh4 19. Kh2 g5 20. f3 h5 21. Nb3 g4 22. Be1
Qg5 23. f4 Qf5 24. h4 Kh7 25. g3 Ne8 26. Na5 Qf6 27. Rb7 Bc8 28. Rb3 Bd7 29. Ba6
Nc7 30. Bb7 Rab8 31. Bxc6 {Black forfeits on time} 1-0

[Event "Team 45 45 League T45"]
[Site "Internet Chess Club"]
[Date "2010.06.07"]
[Round "5"]
[White "MichaelJames"]
[Black "DaveTheRook"]
[Result "1/2-1/2"]
[WhiteElo "1359"]
[BlackElo "1699"]
[Opening "Robatsch (modern) defense"]
[ECO "B06"]
[Time "20:02:19"]
[TimeControl "2700+45"]

1. e4 g6 2. d4 Bg7 3. Nf3 d6 4. Bf4 Nf6 5. Nc3 c6 6. e5 dxe5 7. dxe5 Qxd1+ 8.
Rxd1 Nh5 9. Bg3 Bg4 10. Be2 Nxg3 11. hxg3 Bxf3 12. Bxf3 Bxe5 13. Rh4 O-O 14. Ke2
Na6 15. a3 Bf6 16. Re4 Rad8 17. Rxd8 Rxd8 18. Re3 Nc5 19. Ne4 Nxe4 20. Rxe4 Bg5
21. c3 Rd2+ 22. Ke1 Rxb2 23. Rb4 Bd2+ 24. Kd1 Bxc3 25. Rxb2 Bxb2 26. a4 Bd4 27.
Ke2 Kg7 28. Be4 f5 29. Bd3 Kf6 30. f3 a6 31. Kd2 Bf2 32. g4 fxg4 33. fxg4 Bd4
34. Ke2 b5 35. axb5 axb5 36. Kf3 e5 37. Ke4 b4 38. Bc4 Kg5 39. Kf3 h6 40. Bb3 c5
41. Bc4 Kf6 42. Ke4 Kg5 43. Kf3 h5 44. gxh5 gxh5 45. Bf7 h4 46. Bd5 Kf5 47. Be4+
Kf6 48. Kg4 b3 49. Kxh4 b2 50. Kg4 c4 51. Kf3 Kg5 52. Bc2 Kf6 53. Ke4 Kg5 54.
Kf3 c3 55. Be4 Kf6 56. Bc2 Bc5 57. Ke4 Bf2 58. Bd3 Bd4 59. Bc2 Kg5 60. Kf3 e4+
61. Bxe4 Kf6 62. Bc2 Ke5 63. g4 Kd6 64. Ke4 Kc5 65. Kd3 Bg7 66. Bb1 Kb4 67. Bc2
Ka3 68. Bb1 Bh8 69. Kc2 Kb4 70. Kd3 Kc5 71. Bc2 Kd5 72. Bb1 Ke6 73. Ke4 Bg7 74.
Kd3 Be5 75. Ke4 Bf6 76. Bd3 Bg5 77. Bc2 Kf6 78. Bd3 Bd2 79. Kf3 Kg5 80. Kg3 Be1+
81. Kf3 Kh4 82. Bf5 Bd2 83. Bd3 Kg5 84. Bc2 Kf6 85. Ke4 Ke6 86. Bd3 Kd6 87. Kd4
Kc6 88. Kc4 Kb6 89. Kb3 Kc5 90. Kc2 Kd4 91. Bf5 Kc4 92. Kb1 Kd4 93. Bc2 Ke5 94.
Bf5 Kf4 95. Be6 Kg3 96. Bf5 Kf2 97. Bc2 {Game drawn by mutual agreement} 1/2-1/2

[Event "Team 45 45 League T45"]
[Site "Internet Chess Club"]
[Date "2010.06.05"]
[Round "5"]
[White "jjmolina"]
[Black "cityprosecutor"]
[Result "1/2-1/2"]
[WhiteElo "1753"]
[BlackElo "1786"]
[Opening "Sicilian: dragon, Yugoslav attack, Rauser variation"]
[ECO "B76"]
[Time "15:14:54"]
[TimeControl "2700+45"]

1. e4 c5 2. Nf3 d6 3. d4 cxd4 4. Nxd4 Nf6 5. Nc3 g6 6. Be3 Bg7 7. f3 Nc6 8. Qd2
O-O 9. O-O-O Bd7 10. g4 Ne5 11. h4 h5 12. gxh5 Nxh5 13. Rg1 Rc8 14. Kb1 a6 15.
Bh6 e6 16. Bxg7 Kxg7 17. Rg5 Qf6 18. Qg2 Kh6 19. Rd2 Rc7 20. Nce2 Nc4 21. Rd3
Ne5 22. Rd2 Nc4 23. Rd3 Ne5 24. Rd2 Nc4 25. Rd3 {Game drawn by repetition}
1/2-1/2

[Event "Team 45 45 League T45"]
[Site "Internet Chess Club"]
[Date "2010.06.08"]
[Round "5"]
[White "wavery"]
[Black "nityanand"]
[Result "1-0"]
[WhiteElo "1807"]
[BlackElo "1697"]
[Opening "Queen's pawn game"]
[ECO "D02"]
[Time "11:38:13"]
[TimeControl "2700+45"]

1. d4 d5 2. Nf3 e6 3. Bf4 Bd6 4. e3 Bxf4 5. exf4 Qd6 6. Qd2 Nf6 7. Nc3 a6 8. Bd3
O-O 9. O-O b6 10. Rfe1 c5 11. Ne5 Nc6 12. Nxc6 Qxc6 13. Qe3 Bb7 14. Nb1 Ng4 15.
Qh3 f5 16. c3 Qd6 17. Qg3 Bc6 18. Nd2 Rfe8 19. Nf3 Bb5 20. Bc2 cxd4 21. Nxd4 Bd7
22. h3 Nf6 23. Qe3 Nh5 24. g3 Nf6 25. Nf3 Rac8 26. Rad1 Ne4 27. Bxe4 fxe4 28.
Ne5 Qc7 29. Nxd7 Qxd7 30. Qxe4 Qb5 31. Qb1 g6 32. Re5 Kf7 33. Rde1 Rc6 34. Qc2
Qc4 35. Qb1 b5 36. f5 gxf5 37. Rxf5+ Ke7 38. Rfe5 Kd8 39. a3 Re7 40. Rh5 Rcc7
41. Qd1 Kc8 42. Rhe5 Qc6 43. Qd2 Qb6 44. R1e2 Rc6 45. Qg5 Rcc7 46. Qg8+ Kb7 47.
Rxe6 Rxe6 48. Qxe6 Qxe6 49. Rxe6 a5 50. Rd6 b4 51. axb4 axb4 52. cxb4 Rc4 53.
Rxd5 Rxb4 54. Rd2 Kc6 55. Kg2 Kc5 56. f3 Kc4 57. g4 Kb3 58. Kg3 Rc4 59. f4 Re4
60. Kf3 Re1 61. f5 Rh1 62. Kg3 Rg1+ 63. Rg2 Rf1 64. Kh4 Rf4 65. Kg5 Rf3 66. h4
Rh3 67. Kh5 Rf3 68. Kg5 Rh3 69. Rf2 h6+ 70. Kxh6 Rxh4+ 71. Kg5 Rh8 72. f6 Rg8+
73. Kf5 Rf8 74. g5 {Black resigns} 1-0

[Event "Team 45 45 League T45"]
[Site "Internet Chess Club"]
[Date "2010.06.06"]
[Round "5"]
[White "Orichas"]
[Black "UnderRated"]
[Result "1-0"]
[WhiteElo "1629"]
[BlackElo "1637"]
[Opening "Sicilian: Scheveningen variation"]
[ECO "B80"]
[Time "15:00:50"]
[TimeControl "2700+45"]

1. e4 c5 2. Nf3 e6 3. d4 cxd4 4. Nxd4 Nf6 5. Nc3 d6 6. Bd3 Nc6 7. Be3 Nb4 8. O-O
Nxd3 9. cxd3 Be7 10. f4 e5 11. fxe5 dxe5 12. Nf5 Bxf5 13. Rxf5 Nd7 14. Nd5 Bd6
15. Kh1 O-O 16. d4 g6 17. Qg4 Re8 18. Raf1 Rf8 19. Bh6 exd4 20. Bxf8 Bxf8 21.
Rxf7 Ne5 22. Rxf8+ Qxf8 23. Rxf8+ Rxf8 24. Qe6+ Nf7 25. Kg1 d3 26. Kf1 Kg7 27.
Ke1 Ng5 28. Qe7+ Nf7 29. Kd2 Rd8 30. Qxb7 Kf8 31. Qxa7 {Black resigns} 1-0

[Event "Team 45 45 League T45"]
[Site "Internet Chess Club"]
[Date "2010.06.08"]
[Round "5"]
[White "oldsj"]
[Black "joshtournman"]
[Result "0-1"]
[WhiteElo "1607"]
[BlackElo "1530"]
[Opening "Ruy Lopez: old Steinitz defense"]
[ECO "C62"]
[Time "09:00:15"]
[TimeControl "2700+45"]

1. e4 e5 2. Nf3 Nc6 3. Bb5 d6 4. d4 exd4 5. Nxd4 Bd7 6. O-O Nxd4 7. Bxd7+ Qxd7
8. Qxd4 Nf6 9. Bg5 Be7 10. Nc3 c5 11. Qd2 O-O 12. Rad1 Rad8 13. Rfe1 h6 14. Bh4
Qg4 15. Bg3 Rfe8 16. h3 Qg6 17. Qe2 Nh5 18. Bh2 Bg5 19. Qf3 Re6 20. Nd5 Nf6 21.
Nc3 b5 22. e5 Rde8 23. Nxb5 dxe5 24. Nc7 e4 25. Qc3 e3 26. fxe3 Bxe3+ 27. Kh1
Bd4 28. Qd2 Rxe1+ 29. Rxe1 Rxe1+ 30. Qxe1 Qxc2 31. Be5 Bxe5 32. Qxe5 Qb1+ 33.
Kh2 Qxa2 34. Qxc5 Qxb2 35. Qxa7 Qe5+ 36. Kh1 Ne4 37. Qb8+ Kh7 38. Qb1 f5 39. Qc2
Ng3+ 40. Kh2 Ne4+ 41. Kh1 Qd4 42. Ne6 Nf2+ 43. Kh2 Qe5+ 44. g3 Qxe6 45. Qxf2 h5
46. h4 Qe4 47. Qf4 Qxf4 48. gxf4 Kg6 49. Kg3 Kf6 50. Kf3 Ke6 51. Ke2 Kd5 52. Kd3
g6 53. Ke3 Kc4 54. Ke2 Kd4 55. Kf2 Ke4 56. Kg3 Ke3 57. Kg2 Kxf4 58. Kh3 Kf3 59.
Kh2 Kg4 {White resigns} 0-1

[Event "Team 45 45 League T45"]
[Site "Internet Chess Club"]
[Date "2010.06.08"]
[Round "5"]
[White "OGO"]
[Black "beerss"]
[Result "0-1"]
[WhiteElo "1538"]
[BlackElo "1373"]
[Opening "Philidor: Improved Hanham variation"]
[ECO "B07"]
[Time "13:00:45"]
[TimeControl "2700+45"]

1. e4 d6 2. d4 Nf6 3. Nc3 Nbd7 4. Nf3 e5 5. Bc4 h6 6. O-O Be7 7. Be3 c6 8. Qd2
Qc7 9. Rad1 Ng4 10. Ne2 Nxe3 11. fxe3 Nf6 12. Ng3 b5 13. Bb3 d5 14. exd5 e4 15.
Ne5 cxd5 16. Nf5 Bxf5 17. Rxf5 O-O 18. Rdf1 a5 19. c3 a4 20. Bd1 a3 21. Be2 axb2
22. Qxb2 Bd6 23. Bxb5 Bxe5 24. dxe5 Ng4 25. Qd2 Qc5 26. h3 Qxe3+ 27. Qxe3 Nxe3
28. a4 Nxf5 29. Rxf5 Rac8 30. Rf2 Rxc3 31. Rd2 Rc5 32. Kf1 Rd8 33. Ke2 d4 34. g4
Rxe5 35. h4 g6 36. Bc4 Kg7 37. Ra2 Ra5 38. Bb5 Rb8 39. Rb2 Rxa4 {White resigns}
0-1